 Dungeon Crawl Stone Soup version 0.27-a0-242-ge0fc76b88b (webtiles) character file.

Game seed: 552446908522676716

28 knot the Skirmisher (level 3, 29/29 HPs)
             Began as a Demonspawn Berserker on Feb 3, 2021.
             Was a Follower of Trog.
             Quit the game on level 1 of the Dungeon.
             The game lasted 00:01:09 (1282 turns).

knot the Skirmisher (Demonspawn Berserker)          Turns: 1282, Time: 00:01:10

Health: 29/29      AC:  5    Str: 17    XL:     3   Next: 0%
Magic:  3/3        EV: 12    Int:  9    God:    Trog [*.....]
Gold:   78         SH:  0    Dex: 12    Spells: 2/2 levels left

rFire    . . .     SeeInvis .   a - +0 hand axe
rCold    . . .     Faith    .   (no shield)
rNeg     . . .     Spirit   .   b - +0 animal skin
rPois    .         Reflect  .   (no helmet)
rElec    .         Harm     .   (no cloak)
rCorr    .         Rampage  .   d - +2 pair of gloves {archery}
Will     .....                  (no boots)
Stlth    +.........             (no amulet)
HPRegen  0.09/turn              (no ring)
MPRegen  0.08/turn              (no ring)

@: no status effects
A: claws 1, powered by pain 1
a: Renounce Religion, Berserk


You were on level 1 of the Dungeon.
You worshipped Trog.
Trog was aware of your devotion.
You visited 1 branch of the dungeon, and saw 1 of its levels.

You collected 78 gold pieces.

Inventory:

Hand Weapons
 a - a +0 hand axe (weapon)
Missiles
 f - 31 stones
Armour
 b - a +0 animal skin (worn)
 d - a +2 pair of gloves of archery (worn)
Scrolls
 e - a scroll of enchant armour {unknown}
 h - a scroll of fog {unknown}
 i - a scroll of teleportation {unknown}
Potions
 c - a potion of magic {unknown}
 g - a potion of attraction {unknown}


   Skills:
 - Level 3.2 Fighting
 + Level 3.1 Axes
 - Level 2.1 Armour
 - Level 2.1 Dodging


You had 2 spell levels left.
You didn't know any spells.
Your spell library was empty.

Dungeon Overview and Level Annotations

Branches:
Dungeon (1/15)

Altars:


Innate Abilities, Weirdness & Mutations

You have sharp fingernails.
You sometimes gain a little power by taking damage.


Message History

Trog accepts your kill.
No target in view!
No target in view!
No target in view!
No target in view!
Things that are here:
a +0 club; a hobgoblin corpse A goblin comes into view.
It is wielding a +0 club.
The kobold shouts!
The goblin shouts!
A dart slug comes into view.
You slash the kobold!
You kill the kobold!
Trog accepts your kill.
You have reached level 3!
Your experience leads to an increase in your attributes!
Increase (S)trength, (I)ntelligence, or (D)exterity?
You feel clever.
Your demonic ancestry asserts itself...
You feel energised by your suffering.
Are you sure you want to abandon this character and quit the game? (Confirm with "yes".)

#.. #..... #..
.....###### #..
......... #.. .......
#.. ####..... #..
#......w #.. #.....g#
#.. #.....@# #..
#......################
#..!...........)>......
#####+#.#############..
#.# #.. #.# #.. #.# #..
#.# #.. #.# #..


You could see a dart slug and a goblin.

Vanquished Creatures
  A dart slug (D:1)
  A leopard gecko (D:1)
  2 ball pythons (D:1)
  A giant cockroach (D:1)
  2 goblins (D:1)
  4 hobgoblins (D:1)
  4 jackals (D:1)
  4 kobolds (D:1)
  2 frilled lizards (D:1)
  2 rats (D:1)
23 creatures vanquished.

Notes
Turn   | Place    | Note
-------+----------+-------------------------------------------
     0 | D:1      | knot the Demonspawn Berserker began the quest for the Orb.
     0 | D:1      | Reached XP level 1. HP: 18/18 MP: 1/1
   413 | D:1      | Gained mutation: You have sharp fingernails. [demonic
                  | ancestry]
   413 | D:1      | Reached XP level 2. HP: 24/24 MP: 2/2
  1282 | D:1      | Gained mutation: You sometimes gain a little power by
                  | taking damage. [demonic ancestry]
  1282 | D:1      | Reached XP level 3. HP: 29/29 MP: 3/3
  1282 | D:1      | Quit the game

Illustrated notes

Levels and vault maps discovered:
D:1:      lightli_arrival_maybe_door_vault, layout_basic,
          corexii_item_surrounded_by_moat, minmay_curled_crystal

Skill      XL: |  1  2 |
---------------+-------+-----
Armour         | 2 |  2.1
Dodging        | 2 |  2.1
Axes           | 3 |  3.1
Fighting       | |  3.2

Action                   || total
-------------------------++-------
Melee: Hand axe          ||    66
Invok: Berserk           ||     3
Armor: Animal skin       ||    13
Dodge: Dodged            ||    45

Table legend: (Time is in decaauts)
 A = Elapsed time spent in this place.
 B = Non-inter-level travel time spent in this place.
 C = Inter-level travel time spent in this place.
 D = Time resting spent in this place.
 E = Time spent auto-exploring this place.
 F = Levels seen in this place.
 G = Mean time per level.
                   A        B        C        D        E       F      G
               +--------+--------+--------+--------+--------+-----+--------+
         Total |   1325 |   1325 |      0 |    357 |    774 |   1 | 1325.0 |
       Dungeon |   1325 |   1325 |      0 |    357 |    774 |   1 | 1325.0 |
               +--------+--------+--------+--------+--------+-----+--------+

Top non-repeatable levels by time:
     D:1: 1325 daAuts
